 Dungeon Crawl Stone Soup version 0.27.1-33-g824d729ab1 (webtiles) character file.

Game seed: 13184804299090117183

133 Descartes the Conjurer (level 4, -6/24 HPs)
             Began as a Deep Elf Conjurer on Dec 29, 2021.
             Was an Initiate of Gozag.
             Killed from afar by an orc wizard (10 damage)
             ... with a puff of flame
             ... on level 3 of the Dungeon.
             The game lasted 00:07:03 (2750 turns).

Descartes the Conjurer (Deep Elf Conjurer)          Turns: 2750, Time: 00:07:04

Health: -6/24      AC:  7    Str:  5    XL:     4   Next: 93%
Magic:  6/12       EV: 12    Int: 23    God:    Gozag
Gold:   93         SH:  0    Dex: 13    Spells: 3/12 levels left

rFire    . . .     SeeInvis .   l - +0 dagger (flame)
rCold    . . .     Faith    .   (no shield)
rNeg     . . .     Spirit   .   n - +0 leather armour
rPois    .         Reflect  .   (no helmet)
rElec    .         Harm     .   (no cloak)
rCorr    .         Rampage  .   (no gloves)
Will     .....                  (no boots)
Stlth    ++........             p - amulet of the acrobat
HPRegen  0.08/turn              k - +4 ring of protection
MPRegen  0.13/turn              (no ring)

@: hasted, very quick
A: no striking features
a: Renounce Religion, Potion Petition, Call Merchant, Bribe Branch


You were on level 3 of the Dungeon.
You worshipped Gozag.
Gozag was noncommittal.
You visited 1 branch of the dungeon, and saw 3 of its levels.

You collected 136 gold pieces.
You paid 43 gold pieces to Gozag.

Inventory:

Hand Weapons
 l - a +0 dagger of flaming (weapon)
Missiles
 b - 63 sling bullets
 c - 160 stones
 g - 25 arrows
 i - 8 atropa-tipped darts
 m - 14 poisoned darts
Armour
 a - a +0 robe
 n - a +0 leather armour (worn)
Jewellery
 k - a +4 ring of protection (left hand)
 p - an amulet of the acrobat (around neck)
Scrolls
 d - 2 scrolls of immolation {unknown}
 f - a scroll of enchant weapon {unknown}
 j - a scroll of silence {unknown}
Potions
 e - a potion of invisibility {unknown}
 o - a potion of degeneration {unknown}
 q - a potion of cancellation {unknown}


   Skills:
 + Level 4.0 Dodging
 - Level 2.4 Stealth
 + Level 4.5 Spellcasting
 + Level 5.2 Conjurations
 + Level 0.7 Hexes
 + Level 0.4 Translocations
 + Level 0.2 Air Magic


You had 3 spell levels left.
You knew the following spells:

 Your Spells              Type           Power      Damage    Failure   Level
a - Magic Dart            Conj           100%       1d8       1%          1
b - Searing Ray           Conj           58%        3d5       2%          2
c - Dazzling Flash        Conj/Hex       38%        N/A       14%         3
d - Blink                 Tloc           N/A        N/A       22%         2
e - Shock                 Conj/Air       72%        1d7       5%          1

Your spell library contained the following spells:

 Spells                   Type           Power      Damage    Failure   Level
 Animate Skeleton         Necr           10%        N/A       17%         1
 Pain                     Necr           20%        1d5       17%         1
 Swiftness                Air            6%         N/A       41%         3
 Vampiric Draining        Necr           2%         2d6       45%         3
 Fulminant Prism          Conj/Hex       9%         3d7       43%         4
 Iskenderun's Mystic Bla  Conj/Tloc      18%        2d6       45%         4
 Airstrike                Air            3%         N/A       82%         4
 Manifold Assault         Tloc           7%         N/A       98%         5
 Storm Form               Tmut/Air       2%         N/A       100%        7


Dungeon Overview and Level Annotations

Branches:
Dungeon (3/15)

Altars:
Gozag


Message History

You closely miss the orc wizard.
You hear some strange, mumbled words.
A magic dart appears from out of thin air!
The magic dart hits you!
* * * LOW HITPOINT WARNING * * *
The orc wizard hits you but does no damage.
You barely miss the orc wizard. Something hits you but does no damage.
The orc wizard closely misses you.
You barely miss the orc wizard. Something hits you but does no damage.
The orc wizard hits you but does no damage.
You hit the orc wizard. You burn the orc wizard.
The orc wizard is moderately wounded.
Something hits you but does no damage. The orc wizard barely misses you.
Casting: Searing Ray (safe; 2% risk of failure)
Confirm with . or Enter, or press ? or * to list all spells.
Aiming: Searing Ray (safe; 2% risk of failure)
Press: ? - help, Shift-Dir - straight line, f - orc wizard
Aim: an orc wizard, wielding a +0 dagger and wearing a +0 robe (moderately wounded, 74% to hit)
The searing ray misses the orc wizard. (Press . to maintain the ray.)
Something hits you.
* * * LOW HITPOINT WARNING * * *
The orc wizard gestures wildly while chanting.
The orc wizard flickers and vanishes!
Something misses you. Something hits you but does no damage.
The searing ray hits something.
Something hits you but does no damage. Something closely misses you.
You finish channeling your searing ray.
Something hits you but does no damage.
You hear some strange, mumbled words.
A puff of flame appears from out of thin air!
The puff of flame misses you.
It was a potion of haste.
You feel yourself speed up.
You hear some strange, mumbled words.
A puff of flame appears from out of thin air!
The puff of flame misses you.
You hear some strange, mumbled words.
A puff of flame appears from out of thin air!
The puff of flame hits you!
You die...
Your body crumbles into a pile of gold.

### ######### ..
........# .#####
#####.######.#@{.#
...#...<....#{#.#
#####.#........#.#.#
.........#.........#
..........{###.#.###
.....#####.# ..#...
.....# #o#.#######
###### #)#. #.#


There were no monsters in sight!

Vanquished Creatures
  9 adders
  A dart slug (D:1)
  3 orcs (D:3)
  5 ball pythons
  2 bats
  3 endoplasms
  A giant cockroach (D:2)
  7 goblins
  A hobgoblin (D:2)
  2 jackals (D:1)
  A quokka (D:1)
  3 frilled lizards
  7 kobolds
  4 rats
49 creatures vanquished.

Notes
Turn   | Place    | Note
-------+----------+-------------------------------------------
     0 | D:1      | Descartes the Deep Elf Conjurer began the quest for the
                  | Orb.
     0 | D:1      | Reached XP level 1. HP: 10/10 MP: 6/6
   113 | D:1      | Reached XP level 2. HP: 2/15 MP: 0/8
   985 | D:2      | Reached XP level 3. HP: 19/19 MP: 3/10
  1254 | D:2      | Found a faded altar of an unknown god.
  1448 | D:2      | Learned a level 2 spell: Searing Ray
  1452 | D:2      | Learned a level 3 spell: Dazzling Flash
  1475 | D:2      | Reached skill level 5 in Conjurations
  1509 | D:2      | Reached XP level 4. HP: 24/24 MP: 8/12
  1619 | D:2      | Learned a level 2 spell: Blink
  1750 | D:2      | Learned a level 1 spell: Shock
  2157 | D:3      | Found an opulent altar of Gozag.
  2168 | D:3      | Became a worshipper of Gozag Ym Sagoz the Greedy
  2750 | D:3      | Killed from afar by an orc wizard

Illustrated notes

Levels and vault maps discovered:
D:1:      wander_arrival_desolate, layout_loops_ring, hangedman_decor_points
D:2:      layout_basic, ebering_ecumenical_altar_mist
D:3:      layout_basic, grunt_gozag_breadcrumbs, serial_corexii_hall,
          corexii_hall_statues_l, corexii_hall_statues_s

Skill      XL: |  1  2  3  4 |
---------------+-------------+-----
Dodging        | 3 4 |  4.0
Spellcasting   | 4 |  4.5
Conjurations   | 5 |  5.2
Stealth        | |  2.4
Hexes          | |  0.7
Translocations | |  0.4
Air Magic      | |  0.2

Action                   |  1- 3 |  4- 6 || total
-------------------------+-------+-------++-------
Melee: Unarmed           |     4 |       ||     4
       Dagger            |       |    15 ||    15
 Cast: Magic Dart        |    57 |    38 ||    95
       Searing Ray       |       |     3 ||     3
  Use: Potion            |       |     1 ||     1
Armor: Leather armour    |       |    18 ||    18
Dodge: Dodged            |     7 |    12 ||    19
